 Dungeon Crawl Stone Soup version 0.21.0-3-g78d12a8 (webtiles) character file.

197 Mgcat the Cudgeler (level 5, -3/32 HPs)
             Began as a Gargoyle Berserker on Jan 16, 2018.
             Was a Believer of Trog.
             Killed from afar by Ijyb (7 damage)
             ... with a wand of acid (2)
             ... on level 3 of the Dungeon.
             The game lasted 00:04:40 (2984 turns).

Mgcat the Cudgeler (Gargoyle Berserker)             Turns: 2984, Time: 00:04:40

Health: -3/32      AC:  8    Str: 20    XL:     5   Next: 75%
Magic:  5/5        EV:  8    Int:  8    God:    Trog [**....]
Gold:   88         SH:  0    Dex: 10    Spells: 4/4 levels left

rFire    . . .     SeeInvis .   a - +0 mace
rCold    . . .     Gourm    .   (no shield)
rNeg     + . .     Faith    .   l - +0 chain mail
rPois    ∞         Spirit   .   (no helmet)
rElec    +         Reflect  .   (no cloak)
rCorr    .         Harm     .   (no gloves)
MR       .....                  (no boots)
Stlth    ..........             (no amulet)
HPRegen  0.10/turn              (no ring)
MPRegen  0.09/turn              (no ring)

@: corroded
A: negative energy resistance 1, electricity resistance, unbreathing,
petrification resistance, rot immunity, AC +4
a: Berserk, Trog's Hand, Burn Spellbooks, Renounce Religion


You were on level 3 of the Dungeon.
You worshipped Trog.
Trog was pleased with you.
You were very hungry.

You visited 1 branch of the dungeon, and saw 3 of its levels.

You collected 88 gold pieces.

Inventory:

Hand Weapons
 a - a +0 mace (weapon)
Armour
 b - a +0 animal skin
 l - a +0 chain mail (worn)
Jewellery
 d - a +2 ring of slaying {unknown}
 f - a cursed -2 ring of slaying {unknown}
 q - an uncursed ring of see invisible {unknown}
 r - a +4 ring of slaying {unknown}
Scrolls
 g - a scroll of amnesia {unknown}
 i - a scroll of enchant armour {unknown}
 j - 2 scrolls of identify {unknown}
 k - a scroll of immolation {unknown}
 m - 2 scrolls of enchant weapon {unknown}
 p - a scroll of remove curse {unknown}
Potions
 e - a potion of mutation {unknown}
 h - a potion of berserk rage {unknown}
 n - a potion of degeneration {unknown}
 o - a potion of heal wounds {unknown}
 s - a potion of curing {unknown}
Comestibles
 c - 4 rations


   Skills:
 - Level 3.2 Fighting
 + Level 6.2 Maces & Flails
 - Level 2.1 Armour
 - Level 1.5 Dodging


You had 4 spell levels left.
You didn't know any spells.

Dungeon Overview and Level Annotations

Branches:
Dungeon (3/15)

Altars:

Annotations:
D:2 1 runed door
D:3 Ijyb


Innate Abilities, Weirdness & Mutations

You are resistant to torment.
Your stone body is resilient. (AC +4)
You are immune to poison.
You resist negative energy. (rN+)
You are resistant to electric shocks. (rElec)
You can survive without breathing.
You are immune to petrification.
You are immune to rotting.


Message History

You closely miss Ijyb. Ijyb hits you but does no damage.
The rat barely misses you.
You hit Ijyb.
Ijyb is moderately wounded.
Ijyb closely misses you. The rat bites you but does no damage.
You barely miss Ijyb.
Ijyb is moderately wounded.
Ijyb hits you but does no damage. The rat bites you.
You closely miss Ijyb.
Ijyb is moderately wounded.
Ijyb barely misses you. The rat bites you but does no damage.
You hit Ijyb but do no damage.
Ijyb is moderately wounded.
Ijyb zaps a wand.
The bolt of acid hits you! The acid corrodes you!
You are splashed with acid!
The acid burns!
* * * LOW HITPOINT WARNING * * *
It is a wand of acid (2).
The rat bites you.
* * * LOW HITPOINT WARNING * * *
You hit the rat but do no damage.
Ijyb zaps a wand.
The bolt of acid hits you!
You die...

.......)........
###.###........#
#.###.<......#
#.....#......#
###....(.......####
........(...........
.####...#...........
#####...........
#†)@g..#. #.†.r..#
#........#
..............
................
#....####.###....
#.### #.# .... #.
#.# .$.


You could see Ijyb and a rat.

Vanquished Creatures
  Natasha (thrice) (D:2)
  4 gnolls
  An adder (D:2)
  2 oozes
  2 worms
  An orc (D:3)
  3 giant cockroaches
  11 goblins
  5 hobgoblins
  12 jackals (D:1)
  7 bats
  2 frilled lizards
  A kobold (D:3)
  7 rats
61 creatures vanquished.

Notes
Turn   | Place    | Note
-------+----------+-------------------------------------------
     0 | D:1      | Mgcat the Gargoyle Berserker began the quest for the Orb.
     0 | D:1      | Reached XP level 1. HP: 14/14 MP: 1/1
   109 | D:1      | Reached XP level 2. HP: 18/19 MP: 2/2
   340 | D:1      | Reached skill level 4 in Maces & Flails
   352 | D:1      | Reached XP level 3. HP: 17/23 MP: 3/3
   912 | D:1      | Reached ** piety under Trog
  1282 | D:2      | Reached XP level 4. HP: 24/28 MP: 4/4
  1506 | D:2      | Reached skill level 5 in Maces & Flails
  1631 | D:2      | Noticed Natasha
  1642 | D:2      | Killed Natasha
  2300 | D:2      | Reached XP level 5. HP: 32/32 MP: 5/5
  2648 | D:2      | Found a runed door.
  2672 | D:2      | Noticed Natasha
  2676 | D:2      | Killed Natasha
  2676 | D:2      | Reached skill level 6 in Maces & Flails
  2686 | D:2      | Noticed Natasha
  2700 | D:2      | Killed Natasha
  2968 | D:3      | Noticed Ijyb
  2984 | D:3      | Killed from afar by Ijyb

Skill      XL: |  1  2  3  4  5 |
---------------+----------------+-----
Maces & Flails | 4 5 6 |  6.2
Fighting       | |  3.2
Armour         | |  2.1
Dodging        | |  1.5

Action                   |  1- 3 |  4- 6 || total
-------------------------+-------+-------++-------
Melee: Mace              |    95 |   141 ||   236
Invok: Berserk           |       |     1 ||     1
       Trog's Hand       |       |     1 ||     1
  Eat: Chunk             |     1 |     6 ||     7
Armor: Animal skin       |    31 |    24 ||    55
       Chain mail        |       |    59 ||    59
Dodge: Dodged            |    83 |    82 ||   165
